 Dungeon Crawl Stone Soup version 0.25.0-8-gfd19cd77bd (webtiles) character file.

Game seed: 4463264495998380698

430 DeadF the Covert (level 6, -1/25 HPs)
             Began as a Felid Enchanter on June 16, 2020.
             Slain by a human
             ... wielding a +0 hand axe
              (7 damage)
             ... on level 7 of the Dungeon.
             The game lasted 00:21:14 (10344 turns).

DeadF the Covert (Felid Enchanter)                 Turns: 10344, Time: 00:21:15

Health: -1/25      AC:  2    Str:  4    XL:     6   Next: 66%
Magic:  12/12      EV: 28    Int: 17    God:
Gold:   346        SH:  0    Dex: 18    Spells: 6/12 levels left
                                        Lives:  0   Deaths: 2

rFire    . . .     SeeInvis +     - Unarmed
rCold    . . .     Gourm    .   (shield unavailable)
rNeg     + . .     Faith    .   (armour unavailable)
rPois    .         Spirit   .   (helmet unavailable)
rElec    .         Reflect  .   (cloak unavailable)
rCorr    .         Harm     .   (gloves unavailable)
MR       .....                  (boots unavailable)
Stlth    +++++.....             (no amulet)
HPRegen  0.08/turn              m - +4 ring of evasion
MPRegen  0.13/turn              f - ring of positive energy

@: quick
A: very small, no armour, no weapons or thrown items, stealth, claws 1, fangs 3,
see invisible, carnivore, speed 1, shaggy fur 2, slow metabolism 1, sharp paws
a: no special abilities


You were on level 7 of the Dungeon.
You were not hungry.

You visited 1 branch of the dungeon, and saw 8 of its levels.

You collected 346 gold pieces.

Inventory:

Jewellery
 f - a ring of positive energy (right paw)
 m - a +4 ring of evasion (left paw)
 n - a cursed -4 ring of strength {unknown}
Wands
 o - a wand of digging (3)
 x - a wand of clouds (5)
Scrolls
 a - 3 scrolls of teleportation {unknown}
 c - a scroll of fog
 d - a scroll of amnesia {unknown}
 e - 2 scrolls of magic mapping
 h - 2 scrolls of remove curse {unknown}
 k - 2 scrolls of enchant weapon {unknown}
 s - 2 scrolls of immolation {unknown}
 w - a scroll of fear {unknown}
Potions
 g - 2 potions of curing {unknown}
 i - a potion of mutation {unknown}
 j - 5 potions of flight {unknown}
 l - 2 potions of stabbing {unknown}
 p - a potion of brilliance {unknown}
 q - a potion of degeneration {unknown}
 r - a potion of invisibility {unknown}
 u - a potion of magic {unknown}
 v - a potion of cancellation {unknown}
Comestibles
 b - 11 rations


   Skills:
 + Level 0.6 Fighting
 * Level 8.3 Dodging
 + Level 10.1 Stealth
 - Level 1.4 Unarmed Combat
 + Level 3.9 Spellcasting
 + Level 6.6 Hexes
 + Level 2.9 Ice Magic


You had 6 spell levels left.
You knew the following spells:

 Your Spells              Type           Power        Failure   Level  Hunger
a - Corona                Hex            ####...      1%          1    None
b - Ensorcelled Hibernat  Hex/Ice        ###...       3%          2    ##.....
c - Confusing Touch       Hex            ####....     3%          3    ###....

Your spell library contained the following spells:

 Spells                   Type           Power        Failure   Level  Hunger
 Tukima's Dance           Hex            ####....     3%          3    ###....
 Dazzling Flash           Conj/Hex       ##....       12%         3    ###....
 Infusion                 Chrm           #...         16%         1    None
 Shroud of Golubria       Chrm/Tloc      #.....       24%         2    ##.....
 Song of Slaying          Chrm           #.......     24%         2    ##.....
 Ozocubu's Armour         Chrm/Ice       #.......     26%         3    ###....
 Gell's Gravitas          Tloc           #.........   43%         3    ###....
 Metabolic Englaciation   Hex/Ice        ###.......   52%         5    ######.
 Yara's Violent Unravell  Hex/Tmut       ##........   75%         5    ######.
 Petrify                  Tmut/Erth      #.......     85%         4    ####...
 Spectral Weapon          Hex/Chrm       Unusable     N/A         3    N/A

Dungeon Overview and Level Annotations

Branches:
Dungeon (8/15)             Temple (0/1) D:5
   Lair: D:8-11

Altars:
Ashenzari
Dithmenos
Fedhas
Gozag
Hepliaklqana
Makhleb
Nemelex Xobeh
Qazlal
Xom
Yredelemnul
The Shining One

Shops:
D:6 %

Annotations:
D:4 Eustachio


Innate Abilities, Weirdness & Mutations

You cannot wear armour.
You are incapable of wielding weapons or throwing items.
Your paws allow you to move quietly. (Stealth)
You have sharp claws.
You have razor-sharp teeth.
You have supernaturally acute eyesight. (SInv)
You are carnivorous and can eat meat at any time.
You cover ground quickly.
You are covered in thick fur. (AC +2)
You have a slow metabolism.
Your sharp claws are effective at attacking unaware monsters.


Message History

The yak is severely wounded.
The yak closely misses you.
You scratch the yak but do no damage.
The yak is severely wounded.
The hog bites you. The yak misses you.
You scratch the yak but do no damage. You bite the yak, but do no damage.
The yak is severely wounded.
The hog completely misses you. The yak gores you.
You scratch the yak but do no damage.
The yak is severely wounded.
The hog misses you. The yak completely misses you. The hog bites you!
* * * LOW HITPOINT WARNING * * *
You are too injured to fight recklessly!
You are too injured to fight recklessly!
You are too injured to fight recklessly!
You are too injured to fight recklessly!
You are too injured to fight recklessly!
The yak completely misses you. The hog closely misses you.
The human hits you with a +0 hand axe!
You die...

#......[####.....................
#.................#############..
#...............h.#.....#.'...#..
#.................#.....#.#...#..
#.................###'######..#..
#....#####'##+###.#....%####..#..
#....#............'...%%#....>#..
#....#.........phY#######.....#..
#....+.........†@h...#........#..
#....#...............#........#..
#....#######..###+##†###..##..#..
###........#..###.##h###..##..#p.
..'........'...#....hp........#.h
..#........#...#..............#..
###........#..##+####+###+##'##..
......###'##### #.......##
......#....# #.......#


You could see a yak, 2 hogs and a human.

Vanquished Creatures
  Prince Ribbit (D:6)
  A hog (D:7)
  A hungry ghost (D:7)
  A water moccasin (D:7)
  2 centaurs (D:7)
  A bullfrog (D:6)
  6 killer bees (D:7)
  A crimson imp (D:5)
  A jelly (D:5)
  2 hounds
  3 orc wizards (D:3)
  A gnoll shaman (D:7)
  2 worker ants
  A killer bee zombie (D:7)
  9 adders
  10 gnolls
  A shadow imp (D:7)
  2 worms
  4 leopard geckos
  14 orcs
  7 bats
  7 giant cockroaches
  6 goblins
  6 hobgoblins
  9 jackals
  5 kobolds
  2 quokkas
  A ball python (D:3)
  3 leopard gecko skeletons
  3 quokka skeletons
  10 rats
123 creatures vanquished.

Notes
Turn   | Place    | Note
-------+----------+-------------------------------------------
     0 | D:1      | DeadF the Felid Enchanter began the quest for the Orb.
     0 | D:1      | Reached XP level 1. HP: 7/7 MP: 4/4
   249 | D:1      | Reached XP level 2. HP: 5/11 MP: 6/6
  1257 | D:2      | Learned a level 2 spell: Ensorcelled Hibernation
  1299 | D:2      | Reached skill level 5 in Stealth
  1340 | D:2      | Reached XP level 3. HP: 14/14 MP: 7/7
  1534 | D:2      | Found a burning altar of Makhleb.
  1534 | D:2      | Found a basalt altar of Yredelemnul.
  2072 | D:2      | Reached XP level 4. HP: 18/18 MP: 8/8
  3113 | D:4      | Found an opulent altar of Gozag.
  3208 | D:4      | Reached skill level 6 in Stealth
  3490 | D:4      | Reached skill level 5 in Dodging
  3793 | D:4      | Noticed Eustachio
  3917 | D:3      | Reached XP level 5. HP: 21/21 MP: 2/9
  4396 | D:3      | Found a shimmering altar of Xom.
  4399 | D:3      | Found a glowing golden altar of the Shining One.
  4399 | D:3      | Found a stormy altar of Qazlal.
  4402 | D:3      | Found a hazy altar of Hepliaklqana.
  4402 | D:3      | Found a blossoming altar of Fedhas.
  4723 | D:3      | Reached skill level 7 in Stealth
  4749 | D:3      | HP: 1/21 [orc wizard/+0 dagger (2)]
  5333 | D:4      | Gained mutation: You are covered in thick fur. (AC +2)
                  | [Felid growth]
  5333 | D:4      | Reached XP level 6. HP: 7/24 MP: 0/10
  5805 | D:4      | Learned a level 3 spell: Confusing Touch
  6338 | D:5      | Entered Level 5 of the Dungeon
  6371 | D:5      | Found a staircase to the Ecumenical Temple.
  7339 | D:5      | Found a sparkling altar of Nemelex Xobeh.
  7339 | D:5      | Found a shadowy altar of Dithmenos.
  7654 | D:6      | Reached skill level 1 in Ice Magic
  7666 | D:6      | Found Cosehirhac's Food Shoppe.
  7833 | D:6      | Found a shattered altar of Ashenzari.
  8002 | D:6      | Reached skill level 5 in Hexes
  8002 | D:6      | Reached XP level 7. HP: 27/27 MP: 10/12
  8269 | D:6      | Noticed Prince Ribbit
  8425 | D:6      | Killed Prince Ribbit
  8425 | D:6      | Reached skill level 8 in Stealth
  9101 | D:7      | Noticed a hungry ghost
  9254 | D:7      | Killed a hungry ghost
  9254 | D:7      | Reached skill level 9 in Stealth
  9254 | D:7      | Reached XP level 8. HP: 28/31 MP: 10/14
 10191 | D:7      | Reached skill level 10 in Stealth
 10262 | D:7      | Slain by a yak
 10263 | D:7      | Reached XP level 7. HP: -5/28 MP: 4/13
 10299 | D:7      | Slain by a yak
 10300 | D:7      | Reached XP level 6. HP: 0/25 MP: 12/12
 10344 | D:7      | Slain by a human

Illustrated notes

Levels and vault maps discovered:
D:1:      sevenhm_arrival_forest_fort_large_2, layout_basic,
          minmay_crystal_water, minmay_misc_feat_chi, minmay_tall_x
D:2:      layout_basic, gammafunk_temple_overflow_wave, serial_corexii_hall,
          corexii_hall_statues_l, chequers_hall_statues_wall_a,
          kennysheep_cross_bottleneck, grunt_decor_mini_mirrors
D:3:      layout_loops_ring, grunt_temple_overflow_open
D:4:      layout_basic, nicolae_gozag_seed_capital, first_ration,
          gup_ossuary_entry_pyramid, grunt_tough_drop, uniq_eustachio
D:5:      layout_basic, gammafunk_temple_overflow_elements, temple_statues,
          minmay_door_square
D:6:      layout_loops_cross, ashenzari_altar_1, serial_shops, shop,
          uniq_prince_ribbit1
D:7:      layout_gridville, lemuel_zombie_altar_kikubaaqudgha, grunt_livestock
D:8:      layout_loops_ring, old_standard_altar, nicolae_ru_the_path_less_chosen

Skill      XL: |  1  2  3  4  5  6  7  8 |
---------------+-------------------------+-----
Dodging        | 3 4 5 6 7 8 |  8.3
Stealth        | 5 6 7 9 10 | 10.1
Ice Magic      | 1 2 |  2.9
Hexes          | 5 6 |  6.6
Spellcasting   | 3 |  3.9
Fighting       | |  0.6
Unarmed Combat | |  1.4

Action                   |  1- 3 |  4- 6 |  7- 9 || total
-------------------------+-------+-------+-------++-------
Melee: Unarmed           |    58 |   290 |   105 ||   453
       Bite              |     3 |    22 |     9 ||    34
 Cast: Ensorcelled Hiber |     6 |    78 |    33 ||   117
       Confusing Touch   |       |     2 |     2 ||     4
  Use: Scroll            |       |     5 |       ||     5
       Potion            |       |     2 |     1 ||     3
 Stab: Sleeping          |    18 |    49 |    25 ||    92
       Distracted        |     1 |       |       ||     1
       Confused          |       |     1 |     3 ||     4
  Eat: Chunk             |    10 |    17 |     6 ||    33
Armor: Skin              |     4 |    11 |     2 ||    17
Dodge: Dodged            |    39 |   334 |   142 ||   515
